 Dungeon Crawl Stone Soup version 0.22-a0-570-g58866f5 (webtiles) character file.

55 vierth the Shield-Bearer (level 3, -4/33 HPs)
             Began as a Minotaur Fighter on June 30, 2018.
             Slain by an orc warrior
             ... wielding a +0 short sword
              (20 damage)
             ... on level 2 of the Dungeon.
             The game lasted 00:03:44 (944 turns).

vierth the Shield-Bearer (Minotaur Fighter)          Turns: 944, Time: 00:03:45

Health: -4/33      AC:  8    Str: 21    XL:     3   Next: 67%
Magic:  2/2        EV:  7    Int:  5    God:
Gold:   84         SH:  9    Dex:  9    Spells: 2/2 levels left

rFire    . . .     SeeInvis .   a - +0 long sword
rCold    . . .     Gourm    .   c - +0 shield
rNeg     . . .     Faith    .   b - +0 scale mail
rPois    .         Spirit   .   (helmet restricted)
rElec    .         Reflect  .   (no cloak)
rCorr    .         Harm     .   (no gloves)
MR       .....                  n - +0 pair of boots (curse)
Stlth    ..........             (no amulet)
HPRegen  0.11/turn              (no ring)
MPRegen  0.08/turn              (no ring)

@: no status effects
A: retaliatory headbutt, horns 2
a: no special abilities


You were on level 2 of the Dungeon.
You were not hungry.

You visited 1 branch of the dungeon, and saw 2 of its levels.

You collected 84 gold pieces.

Inventory:

Hand Weapons
 a - a +0 long sword (weapon)
Armour
 b - a +0 scale mail (worn)
 c - a +0 shield (worn)
 n - a cursed +0 pair of boots (worn)
Scrolls
 e - a scroll of identify {unknown}
 h - a scroll of enchant weapon {unknown}
 j - a scroll of blinking {unknown}
 k - a scroll of fog {unknown}
 l - a scroll of remove curse {unknown}
 o - 2 scrolls of teleportation {unknown}
Potions
 d - a potion of might
 g - a potion of resistance {unknown}
 i - a potion of magic {unknown}
 m - 2 potions of lignification {unknown}
Comestibles
 f - 6 rations


   Skills:
 + Level 4.2 Fighting
 + Level 3.2 Long Blades
 + Level 4.2 Armour
 + Level 4.2 Shields


You had 2 spell levels left.
You didn't know any spells.
Your spell library was empty.

Dungeon Overview and Level Annotations

Branches:
Dungeon (2/15)

Altars:


Innate Abilities, Weirdness & Mutations

You reflexively headbutt those who attack you in melee.
You have a pair of horns on your head.


Message History

You are too injured to fight recklessly!
You are too injured to fight recklessly!
Your scale mail prevents you from hitting the orc warrior.
The orc warrior is lightly wounded.
The orc warrior barely misses you.
You riposte.
You hit the orc warrior but do no damage.
The orc warrior is lightly wounded.
The orc hits you but does no damage. You block the orc warrior's attack.
You hit the orc warrior but do no damage.
The orc warrior is lightly wounded.
You block the orc's attack.
The orc warrior hits you but does no damage.
You closely miss the orc warrior.
The orc warrior is lightly wounded.
The orc barely misses you. You furiously retaliate!
You headbutt the orc.
You riposte.
You closely miss the orc.
The orc is heavily wounded.
The orc warrior hits you with a short sword!!
Ouch! That really hurt!
You die...

#.#....########
#...#.#....##.....###
...#...[..†......'..
... #...........###
.. +............# #.
#............#
#.###............#
#oo##........###.#
#.@##........# .#
#...+........###.#
###.#............#
#....##'#'#'######
#.#..$..#†#.#
#$#..#..#.#.#
.....#).#.#.#
........$.#.#.#
######..#.#.#..


You could see an orc warrior and an orc.

Vanquished Creatures
  An adder (D:2)
  An ooze (D:1)
  A dart slug (D:1)
  4 leopard geckos
  An orc (D:2)
  2 bats (D:1)
  8 goblins
  3 hobgoblins (D:1)
  4 kobolds (D:1)
  A ball python (D:1)
  A frilled lizard (D:1)
  6 rats (D:1)
33 creatures vanquished.

Notes
Turn   | Place    | Note
-------+----------+-------------------------------------------
     0 | D:1      | vierth the Minotaur Fighter began the quest for the Orb.
     0 | D:1      | Reached XP level 1. HP: 19/19 MP: 0/0
   131 | D:1      | Reached XP level 2. HP: 25/27 MP: 1/1
   685 | D:1      | Reached XP level 3. HP: 33/33 MP: 2/2
   818 | D:1      | You fall through a shaft!
   934 | D:2      | Noticed an orc warrior
   944 | D:2      | Slain by an orc warrior

Vault maps used:
D:1:      elethiomel_arrival_maze, interstate_on_off,
          minmay_misc_feat_nine_boxes

Skill      XL: |  1  2 |
---------------+-------+-----
Armour         | 4 |  4.2
Fighting       | 4 |  4.2
Long Blades    | 3 |  3.2
Shields        | 4 |  4.2

Action                   || total
-------------------------++-------
Melee: Long sword        ||    95
       Headbutt          ||    14
Armor: Scale mail        ||    45
Dodge: Dodged            ||    32
Block: Shield            ||    53
       Rpst.: Long sword ||    12

Table legend:
 A = Spawn XP
 B = Non-spawn XP
 C = Spawn XP percentage of total XP
 D = Spawn monster count
 E = Non-spawn monster count
 F = Spawn count percentage of total count
 G = Total turns spent on level
                    A         B        C        D         E        F      G
               +---------+---------+-------+---------+---------+-------+---------
         Total |       0 |      79 |   0.0 |       0 |      33 |   0.0 |   944
               +---------+---------+-------+---------+---------+-------+---------
           D:1 |       0 |      54 |   0.0 |       0 |      28 |   0.0 |   818
           D:2 |       0 |      25 |   0.0 |       0 |       5 |   0.0 |   126
               +---------+---------+-------+---------+---------+-------+---------
